Map: Ruins of Endion

Players

Miszu

  • Race: Terran Terran
  • League: Master

Welmu - Winner!

  • Race: Protoss Protoss
  • League: Grandmaster

VOD

Have the link to the VOD?

Description

Time

  • Played on: April 7, 2016, 2:40 p.m.
  • Length: 6:22
Show
View Real Time Build Order
Export as new Build Order

Miszu Terran 

Build Orders: Reaper Expand, MMM Bio 

Get SALT Encoding   

  12  0:00  SCV  
  13  0:13  SCV  
  14  0:17  Supply Depot  
  14  0:25  SCV  
  15  0:39  SCV  
  15  0:41  Barracks  
  16  0:46  Refinery  
  16  0:51  SCV  
  17  1:03  SCV  
  18  1:15  SCV  
  19  1:28  Orbital Command  
  19  1:29  Reaper  
  20  1:50  Command Center  
  20  1:54  SCV  
  21  1:57  Supply Depot  
  21  2:05  Barracks Reactor, Refinery  
  21  2:06  SCV  
  22  2:18  SCV  
  23  2:30  SCV  
  24  2:42  Factory, Marine x2, SCV  
  26  2:46  Barracks  
  26  2:49  Barracks  
  26  2:54  SCV  
  27  3:00  Marine  
  28  3:05  Orbital Command  
  28  3:06  SCV  
  28  3:11  Marine  
  30  3:18  Marine, SCV  
  32  3:26  Factory Tech Lab  
  32  3:28  Starport, Orbital Command  
  32  3:29  Marine  
  32  3:30  SCV  
  34  3:36  Marine  
  34  3:38  Barracks Tech Lab  
  35  3:43  SCV  
  35  3:45  Cyclone  
  35  3:48  Barracks Tech Lab  
  38  3:51  Supply Depot  
  38  3:55  SCV x2  
  40  3:59  Stimpack  
  40  4:02  Marine  
  41  4:04  Starport Reactor  
  41  4:07  SCV x2  
  43  4:10  Supply Depot  
  43  4:14  Marine  
  43  4:15  Marine  
  45  4:18  Marine  
  45  4:19  SCV  
  45  4:20  SCV  
  48  4:24  Marine  
  48  4:30  Combat Shields  
  48  4:31  SCV  
  50  4:32  Marine, SCV  
  50  4:34  Engineering Bay  
  50  4:38  Supply Depot  
  52  4:42  Medivac  
  52  4:43  SCV  
  52  4:44  SCV  
  56  4:47  Marine, Refinery  
  56  4:49  Marine  
  56  4:51  Marine  
  59  4:56  Marine  
  59  4:58  SCV  
  59  4:59  SCV  
  62  5:01  Supply Depot  
  62  5:02  Medivac  
  62  5:05  Marine  
  65  5:08  Supply Depot  
  65  5:10  SCV  
  65  5:11  Marine, SCV  
  65  5:13  Marine  
  69  5:16  Marine  
  70  5:23  Marine, SCV x2  
  70  5:24  Medivac  
  70  5:28  Supply Depot  
  75  5:29  Marine  
  75  5:32  Supply Depot  
  75  5:35  SCV  
  77  5:37  SCV  
  77  5:41  Medivac  
  78  5:53  Marine  
  78  5:54  Marauder x2  
  81  6:03  Barracks x2  
Show
View Real Time Build Order
Export as new Build Order

Welmu Protoss - Winner!

Build Orders: 1 Gate Expand, Blink Stalkers 

Get SALT Encoding   

  12  0:01  Probe (Chrono Boost)  
  13  0:11  Probe (Chrono Boost)  
  14  0:18  Pylon  
  14  0:22  Probe (Chrono Boost)  
  15  0:36  Probe (Chrono Boost)  
  15  0:39  Gateway  
  16  0:45  Assimilator  
  16  0:46  Probe (Chrono Boost)  
  18  0:57  Probe (Chrono Boost)  
  18  1:07  Probe (Chrono Boost)  
  19  1:20  Nexus  
  20  1:30  Cybernetics Core  
  20  1:32  Probe (Chrono Boost)  
  20  1:39  Assimilator  
  20  1:43  Probe (Chrono Boost)  
  21  1:53  Probe (Chrono Boost)  
  22  1:54  Pylon  
  22  2:04  Probe (Chrono Boost)  
  22  2:06  Warp Gate  
  23  2:12  Adept (Chrono Boost)  
  23  2:15  Probe  
  26  2:27  Mothership Core (Chrono Boost)  
  27  2:39  Probe (Chrono Boost)  
  27  2:47  Probe (Chrono Boost)  
  27  2:50  Probe (Chrono Boost)  
  29  2:51  Robotics Facility  
  29  2:58  Probe (Chrono Boost)  
  30  3:00  Probe (Chrono Boost)  
  30  3:03  Twilight Council  
  31  3:08  Probe (Chrono Boost)  
  32  3:14  Gateway, Probe (Chrono Boost)  
  32  3:18  Gateway  
  33  3:20  Probe (Chrono Boost)  
  33  3:27  Blink, Probe (Chrono Boost)  
  34  3:33  Probe (Chrono Boost)  
  36  3:40  Observer (Chrono Boost)  
  37  3:43  Probe  
  37  3:46  Probe  
  39  3:52  Assimilator  
  39  3:54  Pylon  
  39  3:55  Probe  
  39  3:57  Pylon  
  39  3:59  Probe  
  39  4:01  Observer (Chrono Boost)  
  42  4:08  Probe  
  43  4:11  Probe  
  43  4:16  Stalker x2  
  48  4:20  Probe  
  48  4:22  Stalker  
  51  4:26  Probe  
  52  4:32  Probe  
  52  4:38  Probe  
  54  4:39  Nexus  
  54  4:49  Stalker x2  
  54  4:50  Stalker  
  60  4:53  Probe  
  60  4:55  Probe  
  62  5:04  Pylon  
  62  5:05  Pylon  
  62  5:12  Forge x2  
  62  5:23  Stalker x2  
  62  5:24  Stalker  
  62  5:26  Probe  
  62  5:28  Probe  
  70  5:38  Probe  
  70  5:42  Pylon  
  71  5:45  Probe  
  71  5:47  Pylon  
  72  5:53  Stalker x3  
  78  5:58  Probe  
  81  6:06  Probe  
  80  6:16  Stalker x2  
  80  6:17  Stalker  
Tags
 
Add a new tag
Caveats
  • Supply blocks, unpowered buildings, or Contaminate may cause inaccurate times.
  • Supply counts are checked every 10 seconds.